 Dungeon Crawl Stone Soup version bcrawl-1.12-11-gb93c957c58 (console) character file.

Game seed: 5868256205867812899

5632 Lexodia the Grappler (level 10, -8/51 HPs)
             Began as a Vine Stalker Archaeologist on July 3, 2019.
             Was an Elder of Okawaru.
             Mangled by a two-headed ogre
             ... wielding a +0 giant spiked club
              (10 damage)
             ... in the Orcish Mines.
             The game lasted 00:25:23 (6083 turns).

Lexodia the Grappler (Vine Stalker Archaeologist)   Turns: 6083, Time: 00:25:24

Health: -8/51      AC: 33    Str: 16    XL:     10   Next: 74%
Magic:  0/21       EV:  3    Int: 18    God:    Okawaru [****..]
Gold:   591        SH:  3    Dex: 12    Spells: 9/9 levels left

rFire    + . .     SeeInvis .     - Unarmed
rCold    + . .     Gourm    .   (no shield)
rNeg     . . .     Faith    .   f - +9 scales of the Dragon King {rPois rF+ rC+ MR+}
rPois    +         Spirit   +   b - +1 hat
rElec    .         Reflect  +   (no cloak)
rCorr    .         Harm     .   d - +1 pair of gloves
MR       ++...     Clarity  +   c - +1 pair of boots
Stlth    ..........             D - +3 amulet of reflection
HPRegen  0.57/turn              q - ring of magical power
MPRegen  0.17/turn              t - +4 ring of intelligence

@: no status effects
A: fangs 3, talons 1, slimy green scales 1, clarity, clumsy 1, regeneration 1,
magic shield, antimagic bite, no potion heal 3, rot immunity
a: Heroism, Renounce Religion


You were in the Orcish Mines.
You worshipped Okawaru.
Okawaru was greatly pleased with you.
You were hungry.

You visited 3 branches of the dungeon, and saw 11 of its levels.

You collected 591 gold pieces.

Inventory:

Missiles
 u - a throwing net {!f}
 y - 171 steel javelins (quivered)
Armour
 b - a +1 hat (worn)
 c - a +1 pair of boots (worn)
 d - a +1 pair of gloves (worn)
 f - the +9 scales of the Dragon King (worn) {rPois rF+ rC+ MR+}

   It protects you from fire.
   It protects you from cold.
   It protects you from poison.
   It affects your resistance to hostile enchantments.
Jewellery
 k - an uncursed ring of poison resistance
 q - a ring of magical power (left hand)
 t - a +4 ring of intelligence (right hand)
 C - an uncursed ring of insulation
 D - a +3 amulet of reflection (around neck)
Wands
 o - a wand of polymorph (1)
 A - a wand of enslavement (11)
 E - a wand of random effects (8)
Scrolls
 h - 2 scrolls of fear {unknown}
 j - 3 scrolls of teleportation {unknown}
 m - 13 scrolls of identify {unknown}
 r - 3 scrolls of immolation {unknown}
 v - 4 scrolls of enchant armour {unknown}
 w - 8 scrolls of remove curse {unknown}
 x - a scroll of magic mapping
 F - 2 scrolls of amnesia {unknown}
Potions
 e - a potion of brilliance {unknown}
 i - 2 potions of heal wounds {unknown}
 l - 4 potions of curing
 n - a potion of mutation
 s - 2 potions of flight
 z - 2 potions of haste
 B - 3 potions of invisibility {unknown}
 H - a potion of agility {unknown}
Comestibles
 g - 13 rations {!d}


   Skills:
 + Level 5.0 Fighting
 + Level 3.3 Throwing
 * Level 8.9 Armour
 - Level 4.0 Dodging
 - Level 4.0 Stealth
 * Level 9.6 Unarmed Combat
 + Level 1.8 Invocations


You had 9 spell levels left.
You didn't know any spells.
Your spell library contained the following spells:

 Spells                   Type           Power        Failure   Level  Hunger
 Apportation              Tloc           #.....       100%        1    ##.....
 Corona                   Hex            #......      100%        1    ##.....
 Infusion                 Chrm           #.......     100%        1    ##.....
 Sandblast                Erth           #.....       100%        1    ##.....
 Slow                     Hex            #.......     100%        1    ##.....
 Summon Butterflies       Summ           #.......     100%        1    ##.....
 Shackle                  Hex            #.......     100%        2    ###....
 False Image              Hex/Summ       #.......     100%        3    ####...
 Inner Flame              Hex/Fire       N/A          100%        3    ####...
 Cause Fear               Hex            #.........   100%        4    #####..
 Yara's Violent Unravell  Hex/Tmut       #.........   100%        4    #####..


Dungeon Overview and Level Annotations

Branches:
Dungeon (9/12)             Temple (1/1) D:6             Orc (1/1) D:8
    Elf (0/3) Orc
   Lair: D:7-10

Altars:
Ashenzari
Cheibriados
Dithmenos
Elyvilon
Fedhas
Gozag
Hepliaklqana
Kikubaaqudgha
Lugonu
Makhleb
Nemelex Xobeh
Okawaru
Qazlal
Ru
Sif Muna
Trog
Uskayaw
Vehumet
Wu Jian
Xom
Yredelemnul
Zin
The Shining One

Shops:
D:5 (   D:6 [   D:8 =


Innate Abilities, Weirdness & Mutations

You have razor-sharp teeth.
Your natural rate of healing is unusually fast.
When hurt, damage is shared between your health and your magic reserves.
Your bite disrupts and absorbs the magic of your enemies.
Potions cannot restore your health.
You are immune to rotting.
You have sharp toenails.
You are partially covered in slimy green scales. (AC +2)
You possess an exceptional clarity of mind.
You are clumsy. (Dex -2)


Message History

You hear a shout! x12
The orc warrior hits you but does no damage.
The ogre hits you with a +0 giant spiked club.
* * * LOW HITPOINT WARNING * * *
As you read the scroll labeled ZACVYT GEEJEATWI, it crumbles to dust.
It is a scroll of brand weapon.
You aren't carrying any weapons that can be branded.
The two-headed ogre barely misses you.
The two-headed ogre hits you with a +0 giant club.
* * * LOW HITPOINT WARNING * * *
The orc warrior hits you but does no damage.
As you read the scroll labeled DEF FATIPHAWNI, it crumbles to dust.
You feel aware of your surroundings.
You sensed 5 shops/portals.
It was a scroll of magic mapping.
The ogre hits you with a +0 giant spiked club!
* * * LOW HITPOINT WARNING * * *
The orc warrior hits you but does no damage.
The two-headed ogre hits you but does no damage.
The two-headed ogre hits you with a +0 giant club!
You die...

#.......,,,,,,,,,
##......,$,,,,,**,
#$....#*$..,,,,,**
##..).#....,,,,,,,
#..........,,*,,,,
##.).......,,,,,,,
#o........,,,,,,,
##O..#..#..,,,,,,,
#@oC##.....,,,,,,,
##O##*,....,,,,,,,
### **,...,,*,,,,
**..#,,,,,,,
*,,,*,,,,,,
**,*,,,,**,
****,****, *** *,,
**** ****,


You could see a two-headed ogre, a cyclops, an orc warrior, an ogre and an orc.

Vanquished Creatures
  2 cyclopes
  3 trolls
  A hippogriff (D:8)
  6 yaks (D:8)
  Edmund (D:6)
  A warg (Orc)
  2 water moccasins
  Duvessa (D:4)
  2 ice beasts (D:6)
  2 orc warriors
  An ogre (D:4)
  An eye of draining (D:8)
  4 centaurs
  A big kobold (D:8)
  4 bullfrogs
  Dowan (D:4)
  2 scorpions
  2 howler monkeys (D:8)
  3 crimson imps
  10 orc wizards
  7 orc priests
  A bullfrog skeleton (D:3)
  A jelly (D:5)
  A centaur skeleton (D:7)
  2 hounds
  An iguana (D:3)
  2 worker ants
  A hound zombie (D:8)
  A hound skeleton (D:4)
  A worker ant zombie (D:5)
  A howler monkey skeleton (D:4)
  11 adders
  4 shadow imps
  An ooze (D:3)
  An adder skeleton (D:4)
  2 worms
  5 leopard geckos
  35 orcs
  5 giant cockroaches
  7 goblins
  12 hobgoblins
  7 jackals
  4 quokkas
  5 bats
  10 frilled lizards
  A jackal zombie (D:7)
  17 kobolds
  A leopard gecko zombie (D:6)
  5 rats
  A bush (D:6)
203 creatures vanquished.

Notes
Turn   | Place    | Note
-------+----------+-------------------------------------------
     0 | D:1      | Lexodia the Vine Stalker Archaeologist began the quest for
                  | the Orb.
     0 | D:1      | Reached XP level 1. HP: 9/9 MP: 2/2
     3 | D:1      | Noticed an electric eel
     5 | D:1      | Noticed an electric eel
    97 | D:1      | Reached skill level 1 in Fighting
   124 | D:1      | Reached skill level 1 in Unarmed Combat
   124 | D:1      | Reached XP level 2. HP: 14/14 MP: 3/3
   513 | D:1      | Reached XP level 3. HP: 18/18 MP: 4/4
   782 | D:2      | Reached skill level 2 in Unarmed Combat
   818 | D:2      | Reached skill level 1 in Armour
   836 | D:2      | Reached XP level 4. HP: 20/22 MP: 5/5
  1292 | D:3      | Noticed a bullfrog
  1306 | D:3      | Killed a bullfrog
  1306 | D:3      | Reached XP level 5. HP: 14/26 MP: 6/6
  1368 | D:3      | Found a shattered altar of Ashenzari.
  1370 | D:3      | Found a radiant altar of Vehumet.
  1379 | D:3      | Reached skill level 3 in Unarmed Combat
  1753 | D:3      | Reached XP level 6. HP: 30/30 MP: 7/7
  1884 | D:3      | Found a shadowy altar of Dithmenos.
  1884 | D:3      | Found a sacrificial altar of Ru.
  2214 | D:4      | Found a glowing golden altar of the Shining One.
  2253 | D:4      | Reached skill level 4 in Unarmed Combat
  2297 | D:4      | Reached XP level 7. HP: 14/35 MP: 8/8
  2710 | D:4      | Reached skill level 5 in Armour
  2730 | D:4      | Noticed Duvessa
  2735 | D:4      | Noticed Dowan
  2761 | D:4      | Killed Duvessa
  2777 | D:4      | Killed Dowan
  2777 | D:4      | Reached skill level 5 in Unarmed Combat
  2875 | D:5      | Entered Level 5 of the Dungeon
  2920 | D:5      | Found Syaxt's Weapon Shop.
  3086 | D:5      | Gained mutation: You have razor-sharp teeth. [Vine Stalker
                  | growth]
  3086 | D:5      | Reached XP level 8. HP: 39/39 MP: 9/9
  3208 | D:5      | Gained mutation: You are robust. (+10% HP) [potion of
                  | mutation]
  3208 | D:5      | Gained mutation: Your magical capacity is low. (-10% MP)
                  | [potion of mutation]
  3208 | D:5      | Gained mutation: You are partially covered in slimy green
                  | scales. (AC +2) [potion of mutation]
  3436 | D:6      | Reached skill level 6 in Unarmed Combat
  3540 | D:6      | Found a staircase to the Ecumenical Temple.
  3550 | Temple   | Entered the Ecumenical Temple
  3758 | Temple   | Became a worshipper of Warmaster Okawaru
  3812 | D:6      | Found Seeb's Antique Armour Shop.
  3920 | D:6      | Found a shimmering altar of Xom.
  3923 | D:6      | Noticed an angel
  3924 | D:6      | Noticed Edmund
  3928 | D:6      | Found a glowing silver altar of Zin.
  3946 | D:6      | HP: 1/42 [hungry ghost (3)]
  3952 | D:6      | Lost mutation: Your magical capacity is low. (-10% MP)
                  | [potion of mutation]
  3952 | D:6      | Lost mutation: You are robust. (+10% HP) [potion of
                  | mutation]
  3952 | D:6      | Gained mutation: You possess an exceptional clarity of
                  | mind. [potion of mutation]
  3952 | D:6      | Gained mutation: You are clumsy. (Dex -2) [potion of
                  | mutation]
  3952 | D:6      | Gained mutation: You have sharp toenails. [potion of
                  | mutation]
  3971 | D:7      | Noticed a cyclops
  3999 | D:7      | Killed a cyclops
  3999 | D:7      | Reached * piety under Okawaru
  3999 | D:7      | Reached skill level 7 in Unarmed Combat
  3999 | D:7      | Reached XP level 9. HP: 11/43 MP: 10/10
  4214 | D:7      | Reached ** piety under Okawaru
  4368 | D:7      | Noticed a troll
  4386 | D:7      | Killed a troll
  4431 | D:7      | Found an ancient bone altar of Kikubaaqudgha.
  4464 | D:7      | Found a hide-covered altar of Uskayaw.
  4617 | D:7      | Noticed a troll
  4635 | D:7      | Killed a troll
  4841 | D:6      | Found a sparkling altar of Nemelex Xobeh.
  4846 | D:6      | Reached skill level 1 in Throwing
  4846 | D:6      | Reached skill level 8 in Unarmed Combat
  5134 | D:6      | Killed Edmund
  5160 | D:8      | Found a staircase to the Orcish Mines.
  5311 | D:8      | Reached *** piety under Okawaru
  5318 | D:8      | Noticed a cyclops
  5331 | D:8      | Reached XP level 10. HP: 39/50 MP: 11/11
  5342 | D:8      | Killed a cyclops
  5363 | D:8      | Reached skill level 9 in Unarmed Combat
  5706 | D:8      | Found Winaj's Jewellery Shop.
  5743 | D:8      | Received a gift from Okawaru
  5752 | D:8      | Reached skill level 1 in Invocations
  5980 | Orc      | Entered the Orcish Mines
  6007 | D:8      | Reached **** piety under Okawaru
  6007 | D:8      | Reached skill level 5 in Fighting
  6065 | Orc      | Noticed a cyclops
  6067 | Orc      | Noticed a two-headed ogre
  6083 | Orc      | HP: 2/51 [ogre/+0 giant spiked club (5)]
  6083 | Orc      | Mangled by a two-headed ogre

Skill      XL: |  1  2  3  4  5  6  7  8  9 10 |
---------------+-------------------------------+-----
Fighting       | 1 2 4 5 |  5.0
Unarmed Combat | 1 2 3 4 5 7 8 9 |  9.6
Armour         | 1 2 3 4 5 7 8 |  8.9
Dodging        | 3 4 |  4.0
Throwing       | 2 3 |  3.3
Invocations    | 1 |  1.8
Stealth        | |  4.0

Action                   |  1- 3 |  4- 6 |  7- 9 | 10-12 || total
-------------------------+-------+-------+-------+-------++-------
Melee: Unarmed           |   161 |   259 |   554 |   180 ||  1154
       Bite              |    35 |    73 |   176 |    48 ||   332
       Punch             |     1 |     4 |     7 |     6 ||    18
Throw: Javelin           |       |       |    32 |       ||    32
Invok: Heroism           |       |       |       |     2 ||     2
  Use: Potion            |       |       |     5 |       ||     5
       Scroll            |       |       |       |     3 ||     3
 Stab: Sleeping          |     7 |     6 |     2 |     1 ||    16
       Distracted        |     1 |       |       |       ||     1
  Eat: Chunk             |       |     5 |    13 |     2 ||    20
Armor: Robe              |    44 |    70 |    44 |       ||   158
       Gold dragon scale |       |       |   459 |   264 ||   723
Dodge: Dodged            |   106 |   137 |   152 |    37 ||   432
Block: Other             |       |       |    80 |    40 ||   120
       Reflection        |       |       |     5 |     4 ||     9
